[ AOE2 MATCH · #495324456 ]
UnrankedHindustanis vs Celts
Player's team · LOSS
Rival team · WIN
[ REPLAY ANALYSIS · EXTRACTED FROM THE RECORDED GAME ]
Feudal
11:23
Castle
14:59
Imperial
—
| APM avg | 34.9 |
| APM peak | 83 |
| eAPM avg | 20.5 |
| Villagers / military | 84 / 25 |
Focus
⚔️ 25.1% · 🌾 74.9%
Cavalry Archer ×10 · Monk ×6 · Mangonel ×5 · Scout Cavalry ×2 · Ghulam ×1 · Spearman ×1
Feudal
12:43
Castle
16:15
Imperial
—
| APM avg | 24.1 |
| APM peak | 51 |
| eAPM avg | 19.6 |
| Villagers / military | 38 / 96 |
Focus
⚔️ 50.2% · 🌾 49.8%
Woad Raider ×65 · Battering Ram ×27 · Petard ×4
Match map
Initial resources + every placement click. Lines = walls · curves = elevation contours. ◆ gold · ⬟ stone · ● berries · ✦ relic · ◌ wall gap
Your base· ✓ Closed at 14:59 · 0t walls · 3 gate(s)
AeroLag's base· ✓ Closed at 16:15 · 0t walls · 3 gate(s)
Smoothed initial terrain · ◌ = detected wall gap · hover for details
Inputs per minute
— LM | Gelga - - AeroLag
Build order — LM | Gelga
First 150 of 200 actions detected
| 0:01 | Queue | Villager (Male) |
| 0:01 | Queue | Villager (Male) |
| 0:01 | Queue | Villager (Male) |
| 0:02 | Queue | Villager (Male) |
| 0:03 | Build | House |
| 0:05 | Build | House |
| 1:18 | Queue | Villager (Male) |
| 1:33 | Queue | Villager (Male) |
| 1:49 | Build | Lumber Camp |
| 2:06 | Queue | Villager (Male) |
| 2:32 | Queue | Villager (Male) |
| 2:54 | Queue | Villager (Male) |
| 3:08 | Queue | Villager (Male) |
| 3:51 | Build | House |
| 3:54 | Build | House |
| 3:59 | Queue | Villager (Male) |
| 4:31 | Queue | Villager (Male) |
| 4:44 | Build | Mill |
| 5:01 | Queue | Villager (Male) |
| 5:04 | Queue | Villager (Male) |
| 5:08 | Queue | Villager (Male) |
| 5:27 | Queue | Villager (Male) |
| 5:46 | Build | Farm |
| 6:00 | Queue | Villager (Male) |
| 6:20 | Build | Farm |
| 6:32 | Queue | Villager (Male) |
| 6:49 | Queue | Villager (Male) |
| 7:24 | Build | House |
| 7:43 | Queue | Villager (Male) |
| 8:09 | Queue | Villager (Male) |
| 8:35 | Queue | Villager (Male) |
| 8:37 | Research | Feudal Age |
| 8:52 | Build | Mining Camp |
| 9:49 | Build | Barracks |
| 10:51 | Queue | Villager (Male) |
| 10:51 | Queue | Villager (Male) |
| 11:23 | Age | Feudal Age |
| 11:27 | Build | Stable |
| 11:30 | Build | Market |
| 11:54 | Research | Double-Bit Axe |
| 12:19 | Research | Castle Age |
| 12:20 | Research | Castle Age |
| 12:25 | Research | Horse Collar |
| 12:37 | Build | House |
| 12:38 | Build | House |
| 13:01 | Queue | Scout Cavalry |
| 13:03 | Queue | Spearman |
| 13:42 | Build | Farm |
| 13:45 | Build | Farm |
| 13:49 | Build | Farm |
| 13:54 | Build | House |
| 13:57 | Research | Gold Mining |
| 14:12 | Queue | Scout Cavalry |
| 14:19 | Build | Farm |
| 14:20 | Build | Farm |
| 14:44 | Queue | Villager (Male) |
| 14:59 | Age | Castle Age |
| 15:09 | Build | Monastery |
| 15:12 | Build | Blacksmith |
| 15:19 | Queue | Villager (Male) |
| 15:25 | Research | Bow Saw |
| 15:39 | Build | Farm |
| 15:42 | Queue | Monk |
| 15:43 | Queue | Monk |
| 15:53 | Build | Farm |
| 15:53 | Queue | Villager (Male) |
| 16:02 | Build | Farm |
| 16:16 | Queue | Villager (Male) |
| 16:30 | Queue | Villager (Male) |
| 16:50 | Queue | Villager (Male) |
| 16:57 | Build | Siege Workshop |
| 17:00 | Queue | Villager (Male) |
| 17:01 | Build | Farm |
| 17:14 | Queue | Villager (Male) |
| 17:25 | Build | Town Center |
| 17:27 | Queue | Monk |
| 17:32 | Queue | Villager (Male) |
| 17:45 | Queue | Villager (Male) |
| 17:49 | Build | Farm |
| 17:54 | Build | Farm |
| 17:56 | Queue | Villager (Male) |
| 18:07 | Queue | Villager (Male) |
| 18:23 | Build | House |
| 18:24 | Build | House |
| 18:30 | Build | House |
| 18:31 | Build | House |
| 18:32 | Build | House |
| 18:32 | Build | House |
| 18:47 | Queue | Villager (Male) |
| 18:54 | Research | Heavy Plow |
| 19:03 | Queue | Villager (Male) |
| 19:07 | Research | Wheelbarrow |
| 19:07 | Research | Wheelbarrow |
| 19:11 | Build | Farm |
| 19:13 | Build | Farm |
| 19:18 | Build | Farm |
| 19:20 | Queue | Villager (Male) |
| 19:20 | Queue | Villager (Male) |
| 19:31 | Build | Farm |
| 19:32 | Queue | Villager (Male) |
| 19:45 | Queue | Villager (Male) |
| 19:45 | Queue | Villager (Male) |
| 20:11 | Queue | Villager (Male) |
| 20:11 | Queue | Villager (Male) |
| 20:20 | Build | Town Center |
| 20:23 | Queue | Villager (Male) |
| 20:23 | Queue | Villager (Male) |
| 20:25 | Build | Lumber Camp |
| 20:50 | Queue | Villager (Male) |
| 20:50 | Queue | Villager (Male) |
| 20:52 | Build | House |
| 20:53 | Build | House |
| 20:59 | Build | Farm |
| 21:03 | Build | Farm |
| 21:23 | Queue | Villager (Male) |
| 21:40 | Research | Hand Cart |
| 21:44 | Queue | Villager (Male) |
| 21:44 | Queue | Villager (Male) |
| 21:49 | Build | Farm |
| 21:50 | Queue | Villager (Male) |
| 21:52 | Build | House |
| 22:00 | Queue | Mangonel |
| 22:11 | Queue | Villager (Male) |
| 22:11 | Queue | Villager (Male) |
| 22:16 | Research | Loom |
| 22:16 | Research | Loom |
| 22:29 | Build | House |
| 22:37 | Build | Stone Wall |
| 22:42 | Build | Stone Wall |
| 22:46 | Build | Stone Wall |
| 22:51 | Queue | Mangonel |
| 22:53 | Queue | Villager (Male) |
| 22:53 | Queue | Villager (Male) |
| 23:30 | Queue | Monk |
| 23:37 | Queue | Villager (Male) |
| 23:38 | Queue | Villager (Male) |
| 23:38 | Queue | Villager (Male) |
| 23:38 | Queue | Villager (Male) |
| 23:38 | Queue | Villager (Male) |
| 23:38 | Queue | Villager (Male) |
| 23:39 | Queue | Villager (Male) |
| 23:39 | Queue | Villager (Male) |
| 24:48 | Queue | Villager (Male) |
| 24:48 | Queue | Villager (Male) |
| 24:49 | Queue | Villager (Male) |
| 24:49 | Queue | Villager (Male) |
| 24:49 | Queue | Villager (Male) |
| 24:49 | Queue | Villager (Male) |
| 24:49 | Queue | Villager (Male) |
| 24:50 | Queue | Villager (Male) |
Build order — AeroLag
First 150 of 180 actions detected
| 0:01 | Queue | Villager (Male) |
| 0:02 | Build | House |
| 0:04 | Build | House |
| 0:11 | Queue | Villager (Male) |
| 0:38 | Queue | Villager (Male) |
| 0:53 | Queue | Villager (Male) |
| 1:43 | Queue | Villager (Male) |
| 1:43 | Queue | Villager (Male) |
| 1:46 | Build | Lumber Camp |
| 2:11 | Queue | Villager (Male) |
| 2:29 | Queue | Villager (Male) |
| 2:53 | Queue | Villager (Male) |
| 3:10 | Queue | Villager (Male) |
| 3:12 | Build | House |
| 3:30 | Queue | Villager (Male) |
| 3:56 | Build | Mining Camp |
| 4:02 | Queue | Villager (Male) |
| 4:25 | Queue | Villager (Male) |
| 4:41 | Queue | Villager (Male) |
| 4:58 | Queue | Villager (Male) |
| 5:06 | Build | House |
| 5:27 | Build | Mill |
| 5:35 | Queue | Villager (Male) |
| 5:50 | Queue | Villager (Male) |
| 5:59 | Build | Mill |
| 6:15 | Queue | Villager (Male) |
| 6:52 | Queue | Villager (Male) |
| 7:12 | Queue | Villager (Male) |
| 7:15 | Build | Farm |
| 7:21 | Queue | Villager (Male) |
| 7:57 | Queue | Villager (Male) |
| 8:03 | Build | Farm |
| 8:08 | Build | Farm |
| 8:09 | Queue | Villager (Male) |
| 8:24 | Queue | Villager (Male) |
| 8:35 | Build | House |
| 9:01 | Queue | Villager (Male) |
| 9:24 | Queue | Villager (Male) |
| 10:13 | Build | Mining Camp |
| 10:16 | Research | Feudal Age |
| 11:02 | Build | House |
| 11:05 | Build | House |
| 12:09 | Queue | Villager (Male) |
| 12:09 | Queue | Villager (Male) |
| 12:14 | Build | Farm |
| 12:43 | Age | Feudal Age |
| 12:46 | Build | Market |
| 12:49 | Build | Blacksmith |
| 13:12 | Research | Double-Bit Axe |
| 13:35 | Research | Castle Age |
| 13:41 | Build | Farm |
| 14:32 | Research | Horse Collar |
| 14:37 | Build | Farm |
| 14:39 | Build | Farm |
| 14:49 | Build | Farm |
| 14:54 | Queue | Villager (Male) |
| 15:49 | Build | Farm |
| 16:15 | Age | Castle Age |
| 16:18 | Build | Castle |
| 16:23 | Build | Siege Workshop |
| 16:27 | Queue | Villager (Male) |
| 17:01 | Queue | Villager (Male) |
| 17:10 | Queue | Battering Ram |
| 17:14 | Queue | Battering Ram |
| 17:34 | Queue | Villager (Male) |
| 17:36 | Queue | Villager (Male) |
| 17:37 | Queue | Villager (Male) |
| 17:39 | Queue | Battering Ram |
| 17:57 | Queue | Woad Raider |
| 17:57 | Queue | Woad Raider |
| 17:57 | Queue | Woad Raider |
| 18:06 | Queue | Villager (Male) |
| 18:07 | Queue | Battering Ram |
| 18:09 | Queue | Woad Raider |
| 18:10 | Queue | Woad Raider |
| 18:10 | Queue | Woad Raider |
| 18:11 | Queue | Woad Raider |
| 18:11 | Queue | Woad Raider |
| 18:32 | Build | Farm |
| 18:36 | Queue | Villager (Male) |
| 18:38 | Queue | Battering Ram |
| 18:52 | Build | Farm |
| 18:55 | Build | Farm |
| 19:01 | Queue | Battering Ram |
| 19:07 | Queue | Petard |
| 19:20 | Queue | Villager (Male) |
| 19:23 | Queue | Battering Ram |
| 19:30 | Queue | Petard |
| 19:54 | Queue | Woad Raider |
| 20:03 | Queue | Petard |
| 20:11 | Queue | Woad Raider |
| 20:19 | Build | House |
| 20:20 | Build | House |
| 20:24 | Build | House |
| 20:25 | Build | House |
| 20:29 | Build | Farm |
| 20:29 | Build | Farm |
| 21:02 | Queue | Battering Ram |
| 21:04 | Queue | Petard |
| 21:05 | Queue | Woad Raider |
| 21:05 | Queue | Woad Raider |
| 21:18 | Research | Scale Mail Armor |
| 21:28 | Build | Farm |
| 21:35 | Queue | Woad Raider |
| 21:35 | Queue | Woad Raider |
| 21:43 | Queue | Battering Ram |
| 22:10 | Queue | Battering Ram |
| 22:11 | Queue | Woad Raider |
| 22:33 | Queue | Woad Raider |
| 22:33 | Queue | Woad Raider |
| 22:33 | Queue | Woad Raider |
| 23:00 | Queue | Battering Ram |
| 23:03 | Research | Forging |
| 23:32 | Queue | Woad Raider |
| 23:33 | Queue | Woad Raider |
| 23:34 | Queue | Battering Ram |
| 23:34 | Queue | Battering Ram |
| 23:39 | Queue | Woad Raider |
| 23:39 | Queue | Woad Raider |
| 23:39 | Queue | Woad Raider |
| 23:45 | Queue | Woad Raider |
| 24:15 | Queue | Battering Ram |
| 24:15 | Queue | Battering Ram |
| 24:17 | Queue | Woad Raider |
| 24:17 | Queue | Woad Raider |
| 24:22 | Queue | Woad Raider |
| 24:46 | Queue | Battering Ram |
| 24:47 | Queue | Woad Raider |
| 24:47 | Queue | Woad Raider |
| 25:20 | Queue | Battering Ram |
| 25:21 | Queue | Battering Ram |
| 25:22 | Queue | Woad Raider |
| 25:22 | Queue | Woad Raider |
| 25:23 | Queue | Woad Raider |
| 25:40 | Build | Farm |
| 25:42 | Build | House |
| 25:50 | Queue | Woad Raider |
| 25:50 | Queue | Woad Raider |
| 26:07 | Queue | Woad Raider |
| 26:23 | Queue | Woad Raider |
| 26:34 | Queue | Battering Ram |
| 26:35 | Queue | Woad Raider |
| 26:36 | Queue | Woad Raider |
| 27:03 | Queue | Battering Ram |
| 27:04 | Queue | Woad Raider |
| 27:04 | Queue | Woad Raider |
| 27:32 | Queue | Woad Raider |
| 27:37 | Queue | Battering Ram |
| 27:38 | Queue | Woad Raider |
| 27:38 | Queue | Woad Raider |
Match timeline
| 9:49 | LM | Gelga · first_building Barracks |
| 11:23 | LM | Gelga · age_up feudal |
| 11:27 | LM | Gelga · first_building Stable |
| 12:43 | AeroLag · age_up feudal |
| 14:59 | LM | Gelga · age_up castle |
| 15:09 | LM | Gelga · first_building Monastery |
| 16:15 | AeroLag · age_up castle |
| 16:18 | AeroLag · first_building Castle |
| 16:23 | AeroLag · first_building Siege Workshop |
| 16:56 | AeroLag · first_market_buy 100 wood |
| 16:57 | LM | Gelga · first_building Siege Workshop |
| 19:58 | AeroLag · first_market_sell 100 wood |
| 22:37 | LM | Gelga · wall_segment Stone Wall x8 |
| 22:42 | LM | Gelga · wall_segment Stone Wall x4 |
| 22:46 | LM | Gelga · wall_segment Stone Wall x3 |
| 25:39 | LM | Gelga · first_building Archery Range |
| 28:33 | LM | Gelga · first_building Castle |
| 30:40 | LM | Gelga · first_market_sell 100 food |
| 32:30 | LM | Gelga · resign |
[ AI ANALYSIS · 1 CREDIT ]
What really happened in this match?
Wolo.gg analyzes every decision: build order, eco, micro, common mistakes by bracket. Personalized analysis on WhatsApp or Discord in 30 seconds.
Civ guide
Hindustanis
Perfil
Jugador #1389602